 Dungeon Crawl Stone Soup version 0.18.1-48-g4cf74bf (webtiles) character file.

60 juanjsm the Digger (level 4, -4/24 HPs)
             Began as a Gargoyle Earth Elementalist on July 14, 2016.
             Slain by Crazy Yiuf
             ... wielding a +4 quarterstaff of chaos
              (13 damage)
             ... on level 2 of the Dungeon.
             The game lasted 00:08:39 (1322 turns).

juanjsm the Digger (Gargoyle Earth Elementalist)    Turns: 1322, Time: 00:08:40

Health: -4/24      AC:  5    Str: 12    XL:     4   Next: 6%
Magic:  2/9        EV: 12    Int: 16    God:
Gold:   46         SH:  0    Dex: 10    Spells: 2 memorised, 5 levels left

rFire  . . .     SeeInvis .     b - 92 stones
rCold  . . .     Gourm    .     a - +0 robe
rNeg   + . .     Faith    .     (no shield)
rPois  ∞         Spirit   .     (no helmet)
rElec  +         Dismiss  .     (no cloak)
rCorr  .         Reflect  .     (no gloves)
SustAt .         Harm     .     (no boots)
MR     .....                    (no amulet)
Stlth  ++........               (no ring)
                                (no ring)

@: very slightly contaminated, not resistant to hostile enchantments, unstealthy
A: negative energy resistance 1, electricity resistance, unbreathing,
petrification resistance, rot immunity, AC +3
a: no special abilities


You were on level 2 of the Dungeon.
You were not hungry.

You visited 1 branch of the dungeon, and saw 2 of its levels.

You collected 46 gold pieces.

Inventory:

Missiles
 b - 92 stones (in hand)
Armour
 a - a +0 robe (worn)
Jewellery
 h - an uncursed amulet of rage {unknown}
Scrolls
 f - a scroll of random uselessness {unknown}
 j - a scroll of blinking {unknown}
 k - 3 scrolls of teleportation {unknown}
 l - a scroll of fog {unknown}
 n - a scroll of remove curse {unknown}
 p - a scroll of identify {unknown}
 q - a scroll of immolation {unknown}
Potions
 e - a potion of agility {unknown}
 i - a potion of cancellation {unknown}
 m - a potion of lignification {unknown}
Books
 c - a book of Geomancy

   Spells                             Type                      Level
   a - Sandblast                      Earth                        1
   b - Passwall                       Transmutation/Earth          2
   c - Stone Arrow                    Conjuration/Earth            3
   d - Petrify                        Transmutation/Earth          4
   e - Lee's Rapid Deconstruction     Earth                        5
Comestibles
 d - 5 bread rations
 g - a meat ration
 r - a royal jelly


   Skills:
 - Level 1.5 Dodging
 - Level 2.1 Stealth
 * Level 3.3 Spellcasting
   Level 0.7 Transmutations
 + Level 4.4 Earth Magic


You had 5 spell levels left.
You knew the following spells:

 Your Spells              Type           Power        Failure   Level  Hunger
a - Sandblast             Erth           ###...       3%          1    None
b - Stone Arrow           Conj/Erth      #.....       21%         3    ###....


Dungeon Overview and Level Annotations

Branches:
Dungeon (2/15)

Altars:
Ru

Annotations:
D:2 Crazy Yiuf


Innate Abilities, Weirdness & Mutations

You are resistant to torment.
Your stone body is resilient (AC +3).
You are immune to poison.
You resist negative energy.
You are resistant to electric shocks.
You can survive without breathing.
You are immune to petrification.
You are immune to rotting.


Message History

Aim: Crazy Yiuf, wielding a quarterstaff of chaos and wearing an embroidered cloak (severely wounded)
The rocky blast hits Crazy Yiuf.
Crazy Yiuf is almost dead.
Crazy Yiuf barely misses you.
Casting: Sandblast
Confirm with . or Enter, or press ? or * to list all spells.
Aiming: Sandblast
Press: ? - help, Shift-Dir - straight line, f/p - Crazy Yiuf
Aim: Crazy Yiuf, wielding a quarterstaff of chaos and wearing an embroidered cloak (almost dead)
The rocky blast misses Crazy Yiuf.
Crazy Yiuf hits you with a quarterstaff of chaos.
Casting: Sandblast
Confirm with . or Enter, or press ? or * to list all spells.
Aiming: Sandblast
Press: ? - help, Shift-Dir - straight line, f/p - Crazy Yiuf
Aim: Crazy Yiuf, wielding a quarterstaff of chaos and wearing an embroidered cloak (almost dead)
The rocky blast misses Crazy Yiuf.
Crazy Yiuf hits you with a quarterstaff of chaos!
Ouch! That really hurt!
You die...

### #). #..
######## # ..
#......# # #.
######.# #
♣g♣♣ #.######
♣@♣ ###
#.#..... ♣.♣♣
#.# #.#.####
♣♣.♣ #.#
#.#.....
♣♣.♣♣
#.####.#.....
♣♣P..♣
#............
♣...P♣
########.....
#....# #.....
#....# #.....
#....# #.....


You could see Crazy Yiuf.

Vanquished Creatures
  2 adders (D:2)
  An ooze (D:1)
  A worm (D:2)
  4 dart slugs
  2 giant geckos (D:1)
  A bat (D:1)
  A giant cockroach (D:1)
  4 hobgoblins
  3 jackals (D:1)
  A ball python (D:1)
  A giant newt (D:1)
  4 kobolds
  2 rats
27 creatures vanquished.

Notes
Turn   | Place    | Note
--------------------------------------------------------------
     0 | D:1      | juanjsm the Gargoyle Earth Elementalist began the quest for the Orb.
     0 | D:1      | Reached XP level 1. HP: 10/10 MP: 3/3
   280 | D:1      | Reached XP level 2. HP: 15/15 MP: 0/5
   443 | D:1      | Reached skill level 4 in Earth Magic
   515 | D:1      | Reached XP level 3. HP: 19/19 MP: 5/7
   955 | D:2      | Found a sacrificial altar of Ru.
   993 | D:2      | Reached XP level 4. HP: 24/24 MP: 1/9
   998 | D:2      | Learned a level 3 spell: Stone Arrow
  1313 | D:2      | Noticed Crazy Yiuf
  1322 | D:2      | Slain by Crazy Yiuf

Skill      XL: |  1  2  3 |
---------------+----------+-----
Earth Magic    | 4 |  4.4
Spellcasting   | 3 |  3.3
Dodging        | |  1.5
Stealth        | |  2.1
Transmutations | |  0.7

Action                   |  1- 3 |  4- 6 || total
-------------------------+-------+-------++-------
Melee: Unarmed           |    19 |       ||    19
 Cast: Sandblast         |    58 |     9 ||    67
  Eat: Chunk             |     1 |     1 ||     2
Armor: Robe              |    27 |       ||    27
Dodge: Dodged            |    45 |     5 ||    50
